[Event "FIDE WYCC Girls U14 2023"]
[Site "Montesilvano"]
[Date "2023.11.18"]
[Round "6.10"]
[White "Caku, Kler"]
[Black "Huseynova, Lala"]
[Result "0-1"]
[ECO "B52"]
[WhiteElo "1740"]
[BlackElo "1867"]
[Annotator "NA"]
[PlyCount "109"]
[EventDate "2023.11.13"]
[EventType "swiss"]
[EventCountry "ITA"]
[SourceTitle "playchess.com"]
[Source "ChessBase"]
[SourceQuality "1"]
[TimeControl "40/5400+30:1800+30"]

1. e4 c5 2. Nf3 d6 3. Bb5+ Bd7 4. Bxd7+ Qxd7 5. d3 Nc6 6. O-O Nf6 7. h3 g6 8. Bf4 Bg7 9. Nc3 O-O 10. Re1 Nh5 11. Bh2 f5 12. e5 f4 13. e6 Qc8 14. Rb1 Rf5 15. Nh4 Re5 16. Rxe5 dxe5 17. Nd5 Nf6 18. Qf3 Qd8 19. Nxf6+ Bxf6 20. Qg4 Kh8 21. Nf3 Qd5 22. b3 Nd8 23. Re1 Nxe6 24. c4 Qd6 25. Nd2 Nd4 26. Ne4 Qc6 27. h4 Qc8 28. Qxc8+ Rxc8 29. Nc3 h6 30. Re4 Kg7 31. Kf1 Rd8 32. f3 Nf5 33. Nd5 e6 34. Nxf6 Kxf6 35. Ke1 Rxd3 36. Re2 Nxh4 37. Bg1 b6 38. Rc2 Nf5 39. Ke2 Rd7 40. Rb2 Nd4+ 41. Kf1 h5 42. Rd2 g5 43. Bf2 Kf5 44. Bg1 h4 45. Bf2 a5 46. Rd1 Rh7 47. Rd2 h3 48. gxh3 Rxh3 49. Kg2 Rxf3 50. Rd1 Rc3 51. Rh1 e4 52. Rh8 e3 53. Be1 Rc2+ 54. Kf1 f3 55. a3 0-1

[Event "FIDE WYCC Girls U14 2023"]
[Site "Montesilvano"]
[Date "2023.11.18"]
[Round "6.11"]
[White "Zagorac, Lara"]
[Black "Agamyradova, Mahri"]
[Result "0-1"]
[ECO "A06"]
[WhiteElo "1866"]
[BlackElo "1652"]
[Annotator "NA"]
[PlyCount "150"]
[EventDate "2023.11.13"]
[EventType "swiss"]
[EventCountry "ITA"]
[SourceTitle "playchess.com"]
[Source "ChessBase"]
[SourceQuality "1"]
[TimeControl "40/5400+30:1800+30"]

1. Nf3 d5 2. g3 Nf6 3. Bg2 e6 4. O-O Be7 5. d4 O-O 6. c4 dxc4 7. Qc2 a6 8. a4 Bd7 9. Nc3 Bc6 10. Rd1 Nd5 11. e4 Nxc3 12. bxc3 Be8 13. Ne5 Nc6 14. Nxc4 b5 15. Ne3 Rb8 16. d5 exd5 17. Nxd5 Bd6 18. f4 f6 19. c4 Bc5+ 20. Be3 Bxe3+ 21. Nxe3 Nd4 22. Qd3 c5 23. axb5 axb5 24. Nf5 Bh5 25. Rd2 Nxf5 26. exf5 Qxd3 27. Rxd3 bxc4 28. Bd5+ Bf7 29. Bxf7+ Rxf7 30. Rc3 Rb4 31. Rac1 Rc7 32. Kf2 Kf7 33. g4 Rb2+ 34. R1c2 Rxc2+ 35. Rxc2 Ke7 36. Ke3 Kd6 37. Rxc4 Kd5 38. Rc1 c4 39. h4 Re7+ 40. Kf3 Kd4 41. g5 Re3+ 42. Kg4 c3 43. Kh5 Ke4 44. Kg4 Kd4 45. Kh5 Ke4 46. Kg4 Rf3 47. Re1+ Re3 48. Rc1 Kd4 49. Kh5 Rh3 50. Rd1+ Rd3 51. Rc1 Ke4 52. Kg4 Kd4 53. Kh5 Rh3 54. Kg4 Rh2 55. Rd1+ Rd2 56. Rc1 c2 57. Kh5 Rh2 58. gxf6 gxf6 59. Kh6 Rxh4+ 60. Kg7 Kd3 61. Kxf6 Rxf4 62. Rh1 Rf2 63. Ra1 Kd2 64. Ra2 h5 65. Kg6 h4 66. f6 h3 67. f7 h2 68. Ra1 c1=Q 69. Ra2+ Qc2+ 70. Kg7 Rxf7+ 71. Kxf7 Qxa2+ 72. Kf6 h1=Q 73. Ke5 Qad5+ 74. Kf6 Qh6+ 75. Ke7 Qdd6+ 0-1

[Event "FIDE WYCC Girls U14 2023"]
[Site "Montesilvano"]
[Date "2023.11.18"]
[Round "6.12"]
[White "Lyutsinger, Iren"]
[Black "Sezdbekova, Aizhan"]
[Result "*"]
[ECO "B54"]
[WhiteElo "2020"]
[BlackElo "1594"]
[Annotator "NA"]
[PlyCount "46"]
[EventDate "2023.11.13"]
[EventType "swiss"]
[EventCountry "ITA"]
[SourceTitle "playchess.com"]
[Source "ChessBase"]
[SourceQuality "1"]
[TimeControl "40/5400+30:1800+30"]

1. e4 c5 2. Nf3 d6 3. d4 cxd4 4. Nxd4 e5 5. Bb5+ Bd7 6. Bxd7+ Nxd7 7. Nf5 Nb6 8. a4 g6 9. Ne3 Nf6 10. Nc3 Rc8 11. Qd3 a6 12. O-O Qc7 13. f4 exf4 14. Ned5 Nbxd5 15. exd5 Qb6+ 16. Kh1 Ng4 17. Qe4+ Ne5 18. Qxf4 Bg7 19. Ne4 O-O 20. Ra3 Rxc2 21. Rh3 h5 22. Be3 Qxb2 23. Bd4 Qa2 *

[Event "FIDE WYCC Girls U14 2023"]
[Site "Montesilvano"]
[Date "2023.11.18"]
[Round "6.13"]
[White "Saparya Ghosh"]
[Black "Jiang, Tianyu"]
[Result "0-1"]
[ECO "D31"]
[WhiteElo "1659"]
[BlackElo "1917"]
[Annotator "NA"]
[PlyCount "100"]
[EventDate "2023.11.13"]
[EventType "swiss"]
[EventCountry "ITA"]
[SourceTitle "playchess.com"]
[Source "ChessBase"]
[SourceQuality "1"]
[TimeControl "40/5400+30:1800+30"]

1. d4 d5 2. c4 e6 3. Nc3 c6 4. cxd5 exd5 5. Bf4 Nf6 6. e3 Bf5 7. Nge2 Qb6 8. Qd2 Nbd7 9. Ng3 Bg6 10. Be2 Be7 11. h4 h5 12. f3 Rd8 13. Kf2 a5 14. a3 O-O 15. Na4 Qb3 16. Bd1 Qb5 17. Bc2 Bxc2 18. Qxc2 g6 19. Ne2 Rc8 20. Nac3 Qa6 21. Rhd1 b5 22. Qd3 a4 23. Bg5 Nb6 24. Nf4 Kg7 25. Kg1 Nc4 26. Qe2 Qa7 27. e4 dxe4 28. fxe4 Rcd8 29. e5 Ng4 30. Bxe7 Qxe7 31. Rd3 Qa7 32. Rad1 Ncxe5 33. R3d2 Rfe8 34. Qf1 Ne3 35. Qe1 Nxd1 36. Qxd1 Ng4 37. Rd3 Re7 38. Qd2 Rde8 39. Nce2 Re4 40. Rf3 Qe7 41. Ng3 Re1+ 42. Nf1 Qxh4 43. Rh3 Qe7 44. Nd3 Re2 45. Qc3 Kg8 46. Nf4 Re4 47. Nd3 Qf6 48. Rf3 Qxd4+ 49. Kh1 Qxc3 50. bxc3 Re2 0-1

[Event "FIDE WYCC Girls U14 2023"]
[Site "Montesilvano"]
[Date "2023.11.18"]
[Round "6.14"]
[White "Stoll, Lucia"]
[Black "Wojs, Alicja"]
[Result "*"]
[ECO "B47"]
[WhiteElo "1887"]
[BlackElo "1630"]
[Annotator "NA"]
[PlyCount "81"]
[EventDate "2023.11.13"]
[EventType "swiss"]
[EventCountry "ITA"]
[SourceTitle "playchess.com"]
[Source "ChessBase"]
[SourceQuality "1"]
[TimeControl "40/5400+30:1800+30"]

1. e4 c5 2. Nf3 e6 3. d4 cxd4 4. Nxd4 Nc6 5. Nc3 Qc7 6. g3 a6 7. Bg2 Nf6 8. O-O Be7 9. Be3 O-O 10. Nxc6 dxc6 11. Na4 c5 12. c4 Rd8 13. Qe2 Bd7 14. Nc3 Bc6 15. h4 Rab8 16. Bf4 e5 17. Be3 b5 18. b3 bxc4 19. bxc4 Rb4 20. Rfd1 Rxd1+ 21. Rxd1 Qb7 22. Qd3 h6 23. Bf3 Qc8 24. Nd5 Bxd5 25. exd5 Bd6 26. Rb1 Qb7 27. Rxb4 Qxb4 28. Kg2 Qa4 29. a3 Qd7 30. Qb1 Qc7 31. Qf5 Qd7 32. Qb1 Qc7 33. Qf5 Qd7 34. Qxd7 Nxd7 35. Be4 Kf8 36. Bd2 Ke7 37. Kf3 Nb6 38. Bd3 f5 39. Bxf5 Nxc4 40. Bc1 Nb6 41. Ke4 *

[Event "FIDE WYCC Girls U14 2023"]
[Site "Montesilvano"]
[Date "2023.11.18"]
[Round "6.15"]
[White "Jiang, Hanxi"]
[Black "Sneha Halder"]
[Result "0-1"]
[ECO "A43"]
[WhiteElo "1575"]
[BlackElo "1807"]
[Annotator "NA"]
[PlyCount "52"]
[EventDate "2023.11.13"]
[EventType "swiss"]
[EventCountry "ITA"]
[SourceTitle "playchess.com"]
[Source "ChessBase"]
[SourceQuality "1"]
[TimeControl "40/5400+30:1800+30"]

1. d4 c5 2. d5 b5 3. c4 bxc4 4. e4 d6 5. Nc3 Nf6 6. Bxc4 g6 7. Nge2 Bg7 8. O-O O-O 9. Kh1 Nbd7 10. f4 Ne8 11. e5 dxe5 12. f5 Nb6 13. Bd3 Bb7 14. Bg5 Nd6 15. Qd2 Nxd5 16. Ne4 Qb6 17. N2g3 Rad8 18. fxg6 hxg6 19. Nxd6 Qxd6 20. Bh6 Nf4 21. Bxg7 Kxg7 22. Nf5+ gxf5 23. Rf3 Bxf3 24. gxf3 Qxd3 25. Rg1+ Kf6 26. Qf2 Rg8 0-1

[Event "FIDE WYCC Girls U14 2023"]
[Site "Montesilvano"]
[Date "2023.11.18"]
[Round "6.16"]
[White "Mkrtchyan, Anahit H."]
[Black "Skramstad, Oda Kofoed"]
[Result "*"]
[WhiteElo "1630"]
[BlackElo "1801"]
[Annotator "NA"]
[PlyCount "79"]
[EventDate "2023.11.13"]
[EventType "swiss"]
[EventCountry "ITA"]
[SourceTitle "playchess.com"]
[Source "ChessBase"]
[SourceQuality "1"]
[TimeControl "40/5400+30:1800+30"]

1. e4 e5 2. Nf3 Nc6 3. Bb5 a6 4. Ba4 d6 5. O-O b5 6. Bb3 Na5 7. d4 Nxb3 8. axb3 f6 9. h3 Ne7 10. Qe2 Ng6 11. Nc3 Bb7 12. d5 Be7 13. h4 h5 14. Bd2 Qd7 15. g3 b4 16. Nd1 a5 17. c4 Bd8 18. Ne3 Qf7 19. Rfc1 Be7 20. c5 O-O 21. Nf5 Bc8 22. c6 Bd8 23. Bxb4 Ba6 24. Qd2 axb4 25. Ra4 Ne7 26. Rca1 Nxf5 27. exf5 Be2 28. Qxe2 Rxa4 29. Rxa4 Qxd5 30. Qc4 Qxc4 31. bxc4 g6 32. fxg6 Kg7 33. Rxb4 Kxg6 34. Nd2 f5 35. Kf1 f4 36. Ke2 fxg3 37. fxg3 Kf5 38. Rb8 Ke6 39. Ne4 Rg8 40. b4 *

[Event "FIDE WYCC Girls U14 2023"]
[Site "Montesilvano"]
[Date "2023.11.18"]
[Round "6.17"]
[White "Montano Vicente, Guadalupe"]
[Black "Suyamin, Bonjoure Fille"]
[Result "*"]
[ECO "E71"]
[WhiteElo "1794"]
[BlackElo "1570"]
[Annotator "NA"]
[PlyCount "70"]
[EventDate "2023.11.13"]
[EventType "swiss"]
[EventCountry "ITA"]
[SourceTitle "playchess.com"]
[Source "ChessBase"]
[SourceQuality "1"]
[TimeControl "40/5400+30:1800+30"]

1. d4 Nf6 2. c4 g6 3. Nc3 Bg7 4. e4 d6 5. h3 Nbd7 6. Nf3 O-O 7. Be3 e5 8. d5 b6 9. Be2 Nc5 10. Nd2 a5 11. g4 Ne8 12. g5 f5 13. gxf6 Bxf6 14. Nf3 Ng7 15. Bh6 Bh4 16. Qd2 Qf6 17. Rh2 g5 18. Bxg5 Bxg5 19. Nxg5 Qf4 20. Rg2 h6 21. Qxf4 Rxf4 22. Ne6 Ncxe6 23. dxe6 Bxe6 24. Kd2 Raf8 25. Rag1 R8f7 26. Rg6 Kh7 27. Ke3 Rh4 28. Nd5 Rxh3+ 29. f3 Bxd5 30. cxd5 Nh5 31. Rg8 Nf4 32. Ba6 Rh2 33. R8g3 Rxb2 34. a4 Rh2 35. Bb5 Ra2 *

[Event "FIDE WYCC Girls U14 2023"]
[Site "Montesilvano"]
[Date "2023.11.18"]
[Round "6.18"]
[White "Lorenz, Veronika"]
[Black "Chasouraki, Chrysi"]
[Result "*"]
[ECO "B40"]
[WhiteElo "1791"]
[BlackElo "1559"]
[Annotator "NA"]
[PlyCount "76"]
[EventDate "2023.11.13"]
[EventType "swiss"]
[EventCountry "ITA"]
[SourceTitle "playchess.com"]
[Source "ChessBase"]
[SourceQuality "1"]
[TimeControl "40/5400+30:1800+30"]

1. e4 c5 2. Nf3 e6 3. g3 d5 4. exd5 exd5 5. d4 cxd4 6. Nxd4 Nc6 7. Bg2 Bc5 8. Be3 Nxd4 9. Bxd4 Qe7+ 10. Kf1 Bxd4 11. Qxd4 Nf6 12. Nc3 O-O 13. Re1 Qc7 14. Nxd5 Nxd5 15. Bxd5 Bh3+ 16. Bg2 Bxg2+ 17. Kxg2 Qxc2 18. Rc1 Qg6 19. Rc7 Rad8 20. Qb4 b5 21. Rhc1 a5 22. Qxb5 Qe4+ 23. Kg1 Qb4 24. Qxb4 axb4 25. Rb7 Rb8 26. Rcc7 Ra8 27. Rxb4 Rxa2 28. Rbb7 Raa8 29. b4 g6 30. b5 Rab8 31. Rxf7 Rxf7 32. Rxb8+ Kg7 33. b6 Kf6 34. b7 Kf5 35. f3 Kg5 36. Kf2 Re7 37. h3 Kh5 38. h4 h6 *

[Event "FIDE WYCC Girls U14 2023"]
[Site "Montesilvano"]
[Date "2023.11.18"]
[Round "6.19"]
[White "Valente, Sofia"]
[Black "Stankovic, Andrea"]
[Result "*"]
[WhiteElo "1604"]
[BlackElo "1768"]
[Annotator "NA"]
[PlyCount "82"]
[EventDate "2023.11.13"]
[EventType "swiss"]
[EventCountry "ITA"]
[SourceTitle "playchess.com"]
[Source "ChessBase"]
[SourceQuality "1"]
[TimeControl "40/5400+30:1800+30"]

1. d4 e6 2. c4 Nf6 3. Nc3 Bb4 4. Qc2 Bxc3+ 5. Qxc3 d6 6. Nf3 b6 7. Bg5 h6 8. Bxf6 gxf6 9. g3 Bb7 10. Bg2 Nd7 11. O-O f5 12. c5 bxc5 13. dxc5 Qf6 14. c6 Qxc3 15. cxd7+ Kxd7 16. bxc3 Rab8 17. Nd4 Ba6 18. Bc6+ Ke7 19. Bf3 Kf6 20. Rfe1 e5 21. Nc6 Rb2 22. Nb4 Bc4 23. e4 c5 24. Nd5+ Bxd5 25. exd5 Rhb8 26. Re2 R2b7 27. Rc2 e4 28. Be2 Ke5 29. Bc4 f4 30. gxf4+ Kxf4 31. Kg2 f5 32. Re2 h5 33. Re3 h4 34. Kf1 Rg7 35. Bb3 Rbg8 36. Ke2 Rg2 37. Rh1 Ke5 38. Rh3 R8g4 39. Rf1 f4 40. Bc4 f3+ 41. Ke3 Rf4 *

[Event "FIDE WYCC Girls U14 2023"]
[Site "Montesilvano"]
[Date "2023.11.18"]
[Round "6.20"]
[White "Mueller, Riyanna"]
[Black "Namala, Dhanvi"]
[Result "1/2-1/2"]
[ECO "C02"]
[WhiteElo "1754"]
[BlackElo "1388"]
[Annotator "NA"]
[PlyCount "73"]
[EventDate "2023.11.13"]
[EventType "swiss"]
[EventCountry "ITA"]
[SourceTitle "playchess.com"]
[Source "ChessBase"]
[SourceQuality "1"]
[TimeControl "40/5400+30:1800+30"]

1. e4 e6 2. d4 d5 3. e5 c5 4. c3 Nc6 5. Nf3 Bd7 6. Bd3 cxd4 7. cxd4 Qb6 8. Bc2 Nb4 9. O-O Ne7 10. Nc3 Nxc2 11. Qxc2 Rc8 12. Be3 Nf5 13. a3 Be7 14. Rad1 O-O 15. Bg5 h6 16. Bxe7 Nxe7 17. Qd2 Nc6 18. Na4 Qd8 19. Nc5 Rc7 20. Rc1 b6 21. Nxd7 Qxd7 22. Rc3 Rfc8 23. Rfc1 Na5 24. Qd3 Rxc3 25. Rxc3 Rxc3 26. Qxc3 Nc4 27. Nd2 Qa4 28. Qc1 Nxd2 29. Qxd2 Qc4 30. h3 Kf8 31. Kh2 Ke8 32. Kg1 Qb3 33. Qc1 Qc4 34. Qd2 a5 35. Qd1 a4 36. Qd2 Qb3 37. Qc1 1/2-1/2

[Event "FIDE WYCC Girls U14 2023"]
[Site "Montesilvano"]
[Date "2023.11.18"]
[Round "6.21"]
[White "Mohd Afif, Ainul Mardhiah"]
[Black "Stefan, Iulia-Cristiana"]
[Result "1/2-1/2"]
[ECO "A13"]
[WhiteElo "1478"]
[BlackElo "1748"]
[Annotator "NA"]
[PlyCount "121"]
[EventDate "2023.11.13"]
[EventType "swiss"]
[EventCountry "ITA"]
[SourceTitle "playchess.com"]
[Source "ChessBase"]
[SourceQuality "1"]
[TimeControl "40/5400+30:1800+30"]

1. c4 e6 2. g3 d5 3. Bg2 Nf6 4. Nf3 Bd6 5. d4 h6 6. O-O O-O 7. Qc2 b6 8. b3 Bb7 9. Nc3 Nbd7 10. Bb2 Re8 11. Rfd1 a6 12. Rac1 Qe7 13. e3 c5 14. Ne1 cxd4 15. exd4 Rac8 16. Qe2 Qd8 17. Qf1 Rc7 18. cxd5 Nxd5 19. Nxd5 exd5 20. Rxc7 Qxc7 21. Rc1 Qb8 22. Qd3 Re7 23. Nc2 Nf6 24. Ne3 Re8 25. Qf5 Bc8 26. Qf3 Bb7 27. Nf5 Qd8 28. Ne3 Qd7 29. Qd1 Ne4 30. Rc2 Qe6 31. Qg4 Qxg4 32. Nxg4 Ng5 33. Ne3 Ne4 34. Re2 Nf6 35. Bf3 Rc8 36. Rc2 Rxc2 37. Nxc2 Kf8 38. Kf1 Ke7 39. Ne3 g6 40. Ke2 Kd7 41. Ng4 Nxg4 42. Bxg4+ f5 43. Bh3 Ke6 44. f4 Bc6 45. Kd2 Bb5 46. a3 a5 47. Bg2 g5 48. Ke3 g4 49. h3 h5 50. hxg4 hxg4 51. Bc1 Ba6 52. Bb2 Be7 53. Bc1 Kd6 54. Bb2 Kc6 55. Bc1 Bb5 56. Bb2 a4 57. b4 Bc4 58. Bc3 Kb5 59. Bd2 Bd6 60. Bc3 Ba2 61. Bf1+ 1/2-1/2

[Event "FIDE WYCC Girls U14 2023"]
[Site "Montesilvano"]
[Date "2023.11.18"]
[Round "6.22"]
[White "Li, Anna Sofie"]
[Black "Orazalina, Nursulu"]
[Result "*"]
[ECO "B34"]
[WhiteElo "1722"]
[BlackElo "1428"]
[Annotator "NA"]
[PlyCount "74"]
[EventDate "2023.11.13"]
[EventType "swiss"]
[EventCountry "ITA"]
[SourceTitle "playchess.com"]
[Source "ChessBase"]
[SourceQuality "1"]
[TimeControl "40/5400+30:1800+30"]

1. e4 c5 2. Nf3 Nc6 3. d4 cxd4 4. Nxd4 Nf6 5. Nc3 e5 6. Ndb5 d6 7. Nd5 Nxd5 8. exd5 Nb8 9. c4 Be7 10. Be3 a6 11. Nc3 O-O 12. Bd3 f5 13. f3 Bh4+ 14. g3 Bg5 15. Bf2 Nd7 16. Qc2 Qf6 17. h4 Bh6 18. g4 e4 19. g5 exd3 20. Qd2 Ne5 21. Qf4 Bxg5 22. hxg5 Qxg5 23. Qxg5 Nxf3+ 24. Kd1 Nxg5 25. Kd2 Ne4+ 26. Nxe4 fxe4 27. Bg3 Rf6 28. Rhf1 Rg6 29. Bf4 Bg4 30. b4 Rc8 31. Rac1 Be2 32. Rf2 b6 33. Be3 Rb8 34. Bd4 Bf3 35. a4 Rg5 36. Be3 Rf5 37. Bd4 a5 *

[Event "FIDE WYCC Girls U14 2023"]
[Site "Montesilvano"]
[Date "2023.11.18"]
[Round "6.23"]
[White "Nguyen, Thuy Linh"]
[Black "Jankovic, Tamara"]
[Result "0-1"]
[ECO "E67"]
[WhiteElo "1398"]
[BlackElo "1711"]
[Annotator "NA"]
[PlyCount "66"]
[EventDate "2023.11.13"]
[EventType "swiss"]
[EventCountry "ITA"]
[SourceTitle "playchess.com"]
[Source "ChessBase"]
[SourceQuality "1"]
[TimeControl "40/5400+30:1800+30"]

1. d4 Nf6 2. Nf3 g6 3. g3 Bg7 4. Bg2 O-O 5. c4 d6 6. Nc3 Nbd7 7. e4 e5 8. d5 Nc5 9. Qc2 a5 10. O-O b6 11. Ne1 Ne8 12. Nd3 Nxd3 13. Qxd3 f5 14. f4 fxe4 15. Bxe4 Bh3 16. Rf2 Nf6 17. fxe5 Ng4 18. Rxf8+ Qxf8 19. Qe2 Bxe5 20. Nb5 Qf6 21. Be3 Bxb2 22. Rb1 Re8 23. Qxb2 Qxb2 24. Rxb2 Rxe4 25. Bd2 Re7 26. Bc3 Rf7 27. Rb1 Rf2 28. Bd4 Rg2+ 29. Kh1 Rxh2+ 30. Kg1 Rd2 31. Nxc7 Rxd4 32. Ne6 Rd3 33. Rxb6 Rb3 0-1

[Event "FIDE WYCC Girls U14 2023"]
[Site "Montesilvano"]
[Date "2023.11.18"]
[Round "6.24"]
[White "Cutiyog, Jirah Floravie"]
[Black "Huang, Jolie"]
[Result "1-0"]
[ECO "B20"]
[WhiteElo "1305"]
[BlackElo "1680"]
[Annotator "NA"]
[PlyCount "85"]
[EventDate "2023.11.13"]
[EventType "swiss"]
[EventCountry "ITA"]
[SourceTitle "playchess.com"]
[Source "ChessBase"]
[SourceQuality "1"]
[TimeControl "40/5400+30:1800+30"]

1. e4 c5 2. Be2 Nc6 3. f4 g6 4. Nf3 Bg7 5. O-O d6 6. d3 Nf6 7. Qe1 Bd7 8. a3 b5 9. Qh4 Qb6 10. Kh1 a5 11. Nc3 e6 12. e5 dxe5 13. fxe5 Nd5 14. Nxd5 exd5 15. Bh6 Bxh6 16. Qxh6 O-O-O 17. Qg7 Rhe8 18. Qxf7 Nxe5 19. Nxe5 Rxe5 20. Bf3 Qd6 21. Qxh7 Rde8 22. Qh4 Qe6 23. Qf2 Re3 24. Qd2 a4 25. Qc3 c4 26. Qd4 Bc6 27. Bg4 Kb7 28. Bxe6 R3xe6 29. Rf7+ Kc8 30. Qb6 Bd7 31. Qc5+ Bc6 32. Qa7 Re1+ 33. Rf1 R1e7 34. Qc5 Kb7 35. h3 Rc7 36. Rae1 Rec8 37. Rf6 Bd7 38. Rb6+ Ka8 39. Ra6+ Kb8 40. Qb6+ Rb7 41. Qd6+ Rcc7 42. Re7 Bc8 43. Rc6 1-0

[Event "FIDE WYCC Girls U14 2023"]
[Site "Montesilvano"]
[Date "2023.11.18"]
[Round "6.25"]
[White "Smietanska, Wiktoria"]
[Black "Sun, Wanyao Sarah"]
[Result "1-0"]
[ECO "A10"]
[WhiteElo "2009"]
[BlackElo "1593"]
[Annotator "NA"]
[PlyCount "129"]
[EventDate "2023.11.13"]
[EventType "swiss"]
[EventCountry "ITA"]
[SourceTitle "playchess.com"]
[Source "ChessBase"]
[SourceQuality "1"]
[TimeControl "40/5400+30:1800+30"]

1. c4 g6 2. Nf3 Bg7 3. g3 e5 4. Nc3 d6 5. Bg2 f5 6. d4 e4 7. Ng1 Nf6 8. Nh3 O-O 9. e3 Nc6 10. Nf4 Bd7 11. h4 Qe8 12. Rb1 a5 13. Qb3 a4 14. Qd1 Qf7 15. Bf1 Ng4 16. Be2 Na5 17. Ncd5 Rac8 18. Bd2 Nc6 19. Rc1 Ne7 20. Nc3 Ra8 21. Bxg4 fxg4 22. Nxe4 Bf5 23. Nc3 h6 24. Qe2 Rae8 25. O-O Nc6 26. Qd1 g5 27. hxg5 hxg5 28. Nfd5 Bd3 29. Qxg4 Bxc4 30. Qxg5 Bxf1 31. Rxf1 Re6 32. Nf4 Rf6 33. Qd5 Bh6 34. Qxf7+ R8xf7 35. Nfd5 Rf5 36. f4 Rh5 37. Kg2 Bf8 38. g4 Rh6 39. g5 Rg6 40. Ne4 Be7 41. Rh1 Bd8 42. Rh5 Nb8 43. Kh3 Rh7 44. Ndf6+ Bxf6 45. Nxf6+ Rxf6 46. Rxh7 Kxh7 47. gxf6 Kg6 48. e4 Kxf6 49. Kg4 Nd7 50. Bc3 b5 51. e5+ dxe5 52. dxe5+ Ke7 53. f5 c5 54. e6 Nf8 55. Kf4 b4 56. Be1 Nxe6+ 57. fxe6 Kxe6 58. Ke4 Kd6 59. Kd3 Kd5 60. b3 Kc6 61. Kc4 Kb6 62. Bf2 Ka5 63. Bxc5 axb3 64. Bxb4+ Kb6 65. axb3 1-0

[Event "FIDE WYCC Girls U14 2023"]
[Site "Montesilvano"]
[Date "2023.11.18"]
[Round "6.26"]
[White "Toth, Lili"]
[Black "Hong, Jueun"]
[Result "0-1"]
[ECO "D31"]
[WhiteElo "2199"]
[BlackElo "1299"]
[Annotator "ChessBase"]
[PlyCount "41"]
[EventDate "2023.11.13"]
[EventType "swiss"]
[EventCountry "ITA"]
[SourceTitle "playchess.com"]
[Source "ChessBase"]
[SourceQuality "1"]
[TimeControl "40/5400+30:1800+30"]

1. d4 d5 2. c4 e6 3. Nc3 c6 4. e4 Bb4 5. Bd3 dxe4 6. Bxe4 Nf6 7. Bc2 Nbd7 8. Nge2 O-O 9. O-O e5 10. Bg5 exd4 11. Qxd4 Qa5 12. Ne4 Re8 13. Nxf6+ Nxf6 14. Bxf6 Rxe2 15. Bd3 Rd2 16. Bd8 Qh5 17. Rae1 Be6 18. Re5 Rxd3 19. Qf4 Bd6 20. Rxe6 fxe6 21. Qe4 0-1

[Event "FIDE WYCC Girls U14 2023"]
[Site "Montesilvano"]
[Date "2023.11.18"]
[Round "6.27"]
[White "Diasamidze, Lulu"]
[Black "Iordache, Alexia-Andreea"]
[Result "1-0"]
[ECO "B90"]
[WhiteElo "1676"]
[BlackElo "1892"]
[Annotator "NA"]
[PlyCount "121"]
[EventDate "2023.11.13"]
[EventType "swiss"]
[EventCountry "ITA"]
[SourceTitle "playchess.com"]
[Source "ChessBase"]
[SourceQuality "1"]
[TimeControl "40/5400+30:1800+30"]

1. e4 c5 2. Nf3 d6 3. d4 cxd4 4. Nxd4 Nf6 5. Nc3 a6 6. h3 g6 7. g4 Bg7 8. Bg2 O-O 9. O-O Bd7 10. Nce2 Nc6 11. Be3 Rc8 12. Rc1 Qa5 13. b3 b5 14. Bd2 Qd8 15. Nxc6 Bxc6 16. Bc3 b4 17. Bb2 Qa5 18. Ng3 Rfd8 19. a3 bxa3 20. Ra1 a2 21. Qe1 Qc5 22. Qc1 Bb7 23. Bxf6 Bxf6 24. Rxa2 Qb6 25. Qd1 Rb8 26. Ne2 Rdc8 27. Nf4 e6 28. Nd3 Qd4 29. Qe2 Rc3 30. Nb2 Rcc8 31. Rd1 Qc5 32. Nc4 Rd8 33. Qf3 Bg7 34. Qg3 Bf8 35. h4 Ra8 36. Na5 Bc8 37. Rd3 d5 38. exd5 exd5 39. c4 Be6 40. Nb7 Qb4 41. Nxd8 Rxd8 42. Bxd5 Qe1+ 43. Kg2 Bxd5+ 44. Rxd5 Re8 45. Rad2 Qb1 46. Rd1 Qa2 47. Qf3 Qb2 48. Rd7 Be7 49. g5 Qe5 50. Qe3 Qf5 51. Qf3 Qe6 52. R1d5 a5 53. Ra7 Bb4 54. Rdd7 Be7 55. Rdc7 Kf8 56. Ra8 Bd8 57. Rcc8 Qd7 58. c5 Qd4 59. c6 Kg7 60. Rxd8 Rxd8 61. Qf6+ 1-0

[Event "FIDE WYCC Girls U14 2023"]
[Site "Montesilvano"]
[Date "2023.11.18"]
[Round "6.28"]
[White "Sosovickova, Martina"]
[Black "Sodgerelt Naranbold"]
[Result "0-1"]
[ECO "B53"]
[WhiteElo "1877"]
[BlackElo "1419"]
[Annotator "NA"]
[PlyCount "56"]
[EventDate "2023.11.13"]
[EventType "swiss"]
[EventCountry "ITA"]
[SourceTitle "playchess.com"]
[Source "ChessBase"]
[SourceQuality "1"]
[TimeControl "40/5400+30:1800+30"]

1. e4 c5 2. Nf3 d6 3. d4 cxd4 4. Qxd4 Nc6 5. Bb5 Bd7 6. Bxc6 Bxc6 7. Nc3 Nf6 8. Bg5 e6 9. O-O-O Be7 10. Rhe1 b5 11. e5 dxe5 12. Qxe5 Qb6 13. Nd4 b4 14. Ncb5 Bxb5 15. Nxb5 O-O 16. h4 Ng4 17. Qe2 Bxg5+ 18. hxg5 Nxf2 19. Rd4 a6 20. Rh4 axb5 21. Qh5 h6 22. Kb1 Qa5 23. a3 bxa3 24. b4 a2+ 25. Ka1 Qc7 26. Qf3 Qxc2 27. gxh6 Nd3 28. Qg3 Qb2# 0-1

[Event "FIDE WYCC Girls U14 2023"]
[Site "Montesilvano"]
[Date "2023.11.18"]
[Round "6.29"]
[White "Blauhut, Anna"]
[Black "Li Chen, Helena Joana"]
[Result "0-1"]
[ECO "B40"]
[WhiteElo "1640"]
[BlackElo "1799"]
[Annotator "NA"]
[PlyCount "128"]
[EventDate "2023.11.13"]
[EventType "swiss"]
[EventCountry "ITA"]
[SourceTitle "playchess.com"]
[Source "ChessBase"]
[SourceQuality "1"]
[TimeControl "40/5400+30:1800+30"]

1. e4 c5 2. Nf3 e6 3. d3 Nc6 4. g3 d5 5. Qe2 Be7 6. Bg2 Nf6 7. O-O b6 8. e5 Nd7 9. c4 Bb7 10. h4 h6 11. cxd5 exd5 12. e6 Nf6 13. exf7+ Kxf7 14. Bh3 Bc8 15. Bg2 Re8 16. Nc3 Kg8 17. Ne5 Nd4 18. Qd1 Bb7 19. Bf4 Bd6 20. Ng6 b5 21. Bxd6 Qxd6 22. Nf4 b4 23. Nce2 Nf5 24. Qc2 Re7 25. Bh3 Bc8 26. Rac1 g5 27. d4 gxf4 28. Bxf5 Bxf5 29. Qxf5 Rxe2 30. Qg6+ Kf8 31. Qxh6+ Kf7 32. dxc5 Qe5 33. Qg5 fxg3 34. Qxe5 gxf2+ 35. Rxf2 Rxe5 36. c6 Rg8+ 37. Kf1 Ke7 38. c7 Rc8 39. Rg2 Rf5+ 40. Ke2 Nh5 41. Rg4 Kd7 42. Rxb4 Rxc7 43. Rxc7+ Kxc7 44. Ra4 Kb6 45. Rb4+ Kc5 46. Ra4 Rf7 47. Ke3 Kd6 48. b4 Ke5 49. b5 Nf4 50. Rb4 Ne6 51. a4 d4+ 52. Kd2 Ke4 53. a5 Rf2+ 54. Ke1 Rh2 55. Kf1 Ke3 56. Kg1 Rxh4 57. b6 axb6 58. axb6 Rh8 59. Rb1 Nf4 60. Rb3+ d3 61. b7 Rb8 62. Kf1 Kd2 63. Rb6 Nd5 64. Rb5 Nc3 0-1

[Event "FIDE WYCC Girls U14 2023"]
[Site "Montesilvano"]
[Date "2023.11.18"]
[Round "6.30"]
[White "Alemanova, Yasmina"]
[Black "Derlich, Sarah Sima"]
[Result "1/2-1/2"]
[ECO "D10"]
[WhiteElo "1570"]
[BlackElo "1745"]
[Annotator "NA"]
[PlyCount "92"]
[EventDate "2023.11.13"]
[EventType "swiss"]
[EventCountry "ITA"]
[SourceTitle "playchess.com"]
[Source "ChessBase"]
[SourceQuality "1"]
[TimeControl "40/5400+30:1800+30"]

1. d4 d5 2. c4 c6 3. cxd5 cxd5 4. Nc3 Nf6 5. Bf4 Nc6 6. e3 Bf5 7. Qb3 Qd7 8. Nf3 e6 9. Ne5 Qc8 10. Bb5 Nd7 11. O-O Be7 12. Rac1 Ndxe5 13. Bxe5 O-O 14. Na4 Qd7 15. Nc5 Bxc5 16. Rxc5 Rfc8 17. Rfc1 f6 18. Bg3 a6 19. Bxc6 Rxc6 20. Rxc6 bxc6 21. Qb6 Bd3 22. Qxc6 Qxc6 23. Rxc6 Kf7 24. h4 h5 25. Bd6 Bb5 26. Rc7+ Kg6 27. b3 Rd8 28. Bc5 Rd7 29. Rxd7 Bxd7 30. a4 Kf5 31. f3 e5 32. dxe5 Kxe5 33. Kf2 Bf5 34. Bd4+ Kd6 35. b4 Kc6 36. Kg3 Bc2 37. a5 Bd3 38. Kf4 Kd6 39. g4 hxg4 40. fxg4 Ke6 41. h5 Ke7 42. g5 fxg5+ 43. Kxg5 Kf7 44. Kf4 Kg8 45. Ke5 Bc4 46. Kf5 Kh7 1/2-1/2